Map: Newkirk Precinct TE (Void)

Players

GeBaly

  • Race: Zerg Zerg
  • League: Diamond
  • Spawn Location: 7:00

Musumeci - Winner!

  • Race: Zerg Zerg
  • League: Diamond
  • Spawn Location: 5:00

VOD

Have the link to the VOD?

Description

Time

  • Played on: Feb. 12, 2017, 1:08 p.m.
  • Length: 12:14
Show
View Real Time Build Order
Export as new Build Order

GeBaly Zerg 

Build Orders: Pool First 

Get SALT Encoding   

  12  0:01  Drone  
  13  0:13  Overlord  
  13  0:19  Drone  
  14  0:31  Drone x2  
  14  0:35  Drone  
  17  0:46  Spawning Pool  
  17  0:48  Extractor  
  15  0:52  Drone  
  16  1:14  Hatchery  
  16  1:18  Drone  
  16  1:33  Zergling x4  
  16  1:34  Zergling x2  
  19  1:45  Queen  
  21  1:51  Metabolic Boost  
  21  1:56  Drone  
  22  2:04  Overlord  
  22  2:11  Baneling Nest  
  21  2:17  Drone  
  22  2:31  Queen  
  24  2:41  Drone x3  
  27  2:56  Baneling x5  
  27  2:59  Drone x2  
  27  3:03  Baneling  
  27  3:04  Drone  
  30  3:06  Drone  
  30  3:10  Drone  
  32  3:19  Drone x3  
  35  3:20  Drone  
  35  3:37  Overlord x2  
  34  3:54  Drone  
  35  4:01  Extractor  
  33  4:05  Roach Warren  
  33  4:06  Evolution Chamber  
  33  4:09  Overlord  
  31  4:11  Drone x5  
  35  4:34  Zerg Missile Weapons Level 1  
  35  4:45  Roach x8  
  51  4:52  Roach  
  45  5:13  Drone x4  
  37  5:25  Drone x2  
  37  5:26  Drone x3  
  42  5:29  Queen  
  42  5:35  Queen  
  45  5:50  Roach  
  45  5:51  Roach x3  
  47  6:04  Roach  
  49  6:26  Drone  
  49  6:27  Ravager  
  51  6:39  Drone x3  
  54  6:49  Drone x4  
  55  7:00  Drone x3  
  58  7:09  Lair  
  58  7:12  Drone x2  
  58  7:15  Overlord  
  60  7:45  Overlord x2  
  60  7:47  Roach x4  
  68  7:56  Overlord x2  
  68  8:06  Glial Reconstitution  
  68  8:07  Zerg Missile Weapons Level 2  
  68  8:08  Roach x2  
  68  8:09  Roach x2  
  68  8:11  Overlord x2  
  76  8:19  Roach  
  78  8:20  Roach  
  80  8:46  Roach  
  80  8:47  Roach x6  
  92  9:07  Hatchery, Roach x3  
  97  9:19  Ravager  
  97  9:20  Overlord  
  86  10:07  Roach x4  
  90  10:11  Spine Crawler x2  
  90  10:12  Spine Crawler  
  87  10:16  Spine Crawler  
  61  10:55  Roach  
  61  10:56  Roach x5  
Show
View Real Time Build Order
Export as new Build Order

Musumeci Zerg - Winner!

Build Orders: Hatch First 

Get SALT Encoding   

  12  0:01  Drone  
  13  0:08  Drone  
  14  0:16  Extractor  
  14  0:17  Drone  
  15  0:45  Hatchery  
  14  0:51  Drone, Extractor  
  15  1:02  Spawning Pool  
  14  1:19  Extractor  
  14  1:22  Overlord  
  13  1:34  Drone  
  14  1:41  Drone x2  
  16  1:47  Drone  
  16  1:49  Queen  
  19  1:57  Queen  
  21  2:01  Drone  
  21  2:05  Drone  
  23  2:11  Drone  
  24  2:19  Metabolic Boost  
  24  2:24  Overlord  
  24  2:38  Zergling x6  
  27  3:00  Zergling x6  
  27  3:02  Drone  
  27  3:03  Drone x3  
  34  3:10  Baneling Nest  
  28  4:04  Zergling x14  
  35  4:14  Overlord  
  35  4:38  Baneling x2  
  35  4:39  Zergling x2  
  35  4:40  Zergling x10  
  39  5:10  Zergling x14  
  40  5:27  Zergling x12  
  43  5:34  Evolution Chamber  
  34  6:15  Zergling x2  
  34  6:16  Zergling x22  
  40  6:30  Drone x2  
  40  6:31  Drone  
  40  6:32  Zerg Ground Armor Level 1  
  43  6:35  Evolution Chamber  
  42  6:40  Drone  
  42  6:41  Overlord x2  
  41  6:51  Zergling x6  
  41  6:53  Hatchery  
  37  7:00  Zergling x16  
  43  7:09  Zergling x4  
  45  7:31  Zergling x16  
  53  7:39  Zerg Melee Weapons Level 1  
  53  7:40  Drone  
  53  7:41  Drone  
  55  7:51  Drone x2  
  55  7:55  Lair  
  56  7:58  Drone  
  56  7:59  Drone x2  
  56  8:00  Extractor  
  56  8:01  Extractor x2  
  56  8:09  Drone x6  
  56  8:10  Queen  
  64  8:30  Zergling x4  
  66  8:40  Evolution Chamber  
  53  9:05  Zergling x26  
  66  9:11  Spire  
  66  9:15  Spine Crawler  
  64  9:17  Spine Crawler  
  64  9:19  Spine Crawler  
  64  9:22  Spine Crawler  
  61  9:25  Spine Crawler  
  43  10:00  Zergling x4  
  43  10:01  Zergling x18  
  45  10:25  Mutalisk x2  
  34  10:40  Hatchery  
Tags
 
Add a new tag
Caveats
  • Supply blocks, unpowered buildings, or Contaminate may cause inaccurate times.
  • Supply counts are checked every 10 seconds.